 Dungeon Crawl Stone Soup version 0.30-a0-367-g839099abd5 (webtiles) character file.

Game seed: 18204592574789238791

17 Elric the Conjurer (level 2, 0/17 HPs)
             Began as an Octopode Conjurer on Nov 18, 2022.
             Slain by a hound (1 damage)
             ... on level 2 of the Dungeon.
             The game lasted 00:00:58 (784 turns).

Elric the Conjurer (Octopode Conjurer)               Turns: 784, Time: 00:01:00

Health: 0/17       AC:  1    Str:  6    XL:     2   Next: 62%
Magic:  1/5        EV: 13    Int: 20    God:
Gold:   59         SH:  0    Dex: 10    Spells: 5/6 levels left

rFire   . . .      SeeInvis .    (no weapon)
rCold   . . .      Faith    .    (no shield)
rNeg    . . .      Spirit   .    (helmet restricted)
rPois   .          Reflect  .    (no amulet)
rElec   .          Harm     .    (no ring)
rCorr   .          Rampage  .    (no ring)
Will    .....                    (no ring)
Stlth   +++.......               (no ring)
HPRegen 0.22/turn                (no ring)
MPRegen 0.09/turn                (no ring)
                                 (no ring)
                                 (no ring)

@: no status effects
A: almost no armour, amphibious, 8 rings, camouflage 1, gelatinous body 1,
(nimble swimmer 1), tentacles
a: no special abilities


You were on level 2 of the Dungeon.
You visited 1 branch of the dungeon, and saw 2 of its levels.

You collected 59 gold pieces.

Inventory:

Scrolls
 b - a scroll of fog {unknown}
 d - 2 scrolls of summoning {unknown}
 e - a scroll of teleportation {unknown}
 f - a scroll of identify {unknown}
 h - a scroll of brand weapon {unknown}
Potions
 a - a potion of magic
 c - a potion of heal wounds {unknown}
 g - a potion of curing {unknown}


   Skills:
 - Level 2.0 Dodging
 - Level 2.6 Stealth
 + Level 2.5 Spellcasting
 + Level 4.3 Conjurations


You had 5 spell levels left.
You knew the following spells:

 Your Spells              Type           Power      Damage    Failure   Level
a - Magic Dart            Conj           76%        1d6       2%          1

Your spell library contained the following spells:

 Spells                   Type           Power      Damage    Failure   Level
 Searing Ray              Conj           38%        2d5       3%          2
 Momentum Strike          Conj/Tloc      22%        3d8       10%         2
 Dazzling Flash           Conj/Hex       22%        N/A       19%         3
 Blink                    Tloc           4%         N/A       22%         2
 Lesser Beckoning         Tloc           4%         N/A       41%         3
 Fulminant Prism          Conj/Hex       5%         3d7       52%         4
 Iskenderun's Mystic Bla  Conj/Tloc      11%        2d4       52%         4


Dungeon Overview and Level Annotations

Branches:
Dungeon (2/15)

Altars:


Innate Abilities, Weirdness & Mutations

You cannot wear most types of armour.
You are amphibious.
You can wear up to eight rings at the same time.
Your skin changes colour to match your surroundings (Stealth+).
Your rubbery body absorbs attacks. (AC +1, EV +1)
((You are camouflaged when in or above water. (Stealth+)))
You have tentacles for arms and can constrict up to eight enemies at once.


Message History

Aim: a hound (moderately wounded, 100% to hit)
The magic dart hits the hound.
The hound is heavily wounded.
The hound bites you.
Casting: Magic Dart (safe; 2% risk of failure)
Confirm with . or Enter, or press ? or * to list all spells.
Aiming: Magic Dart (safe; 2% risk of failure)
Press: ? - help, Shift-Dir - straight line, f/p - hound
Aim: a hound (heavily wounded, 100% to hit)
The magic dart hits the hound but does no damage.
The hound is heavily wounded.
The hound closely misses you. The hound barely misses you.
Casting: Magic Dart (safe; 2% risk of failure)
Confirm with . or Enter, or press ? or * to list all spells.
You don't have enough magic to cast this spell.
The hound attacks as you move away! The hound bites you.
* * * LOW HITPOINT WARNING * * *
The hound bites you.
* * * LOW HITPOINT WARNING * * *
The hound attacks as you move away! The hound closely misses you.
Your magical contamination has completely faded away.
The hound bites you.
* * * LOW HITPOINT WARNING * * *
The hound attacks as you move away! The hound closely misses you.
You tentacle-slap the hound. You grab the hound.
The hound is heavily wounded.
You constrict the hound, but do no damage.
The hound barely misses you. The hound bites you.
* * * LOW HITPOINT WARNING * * *
You tentacle-slap the hound. Your squeeze misses the hound.
The hound is severely wounded.
You constrict the hound, but do no damage.
The hound closely misses you.
You tentacle-slap the hound but do no damage.
You squeeze the hound.
The hound is severely wounded.
You constrict the hound. The hound bites you.
* * * LOW HITPOINT WARNING * * *
The hound bites you.
You die...

#.####.# #.# #.# #.#
#.# ########.####.#
.......<.#....#
#################.####
#........# #.#
#.#####.#########.#
#..........h@.....#
#######.###########
#.# ..# ####


You could see a hound.

Vanquished Creatures
  A dart slug (D:2)
  A giant cockroach (D:1)
  A hobgoblin (D:1)
  2 kobolds (D:1)
  A quokka (D:1)
  2 ball pythons (D:1)
  2 frilled lizards (D:1)
  4 goblins (D:1)
  A rat (D:1)
15 creatures vanquished.

Notes
Turn   | Place    | Note
-------+----------+-------------------------------------------
     0 | D:1      | Elric the Octopode Conjurer began the quest for the Orb.
     0 | D:1      | Reached XP level 1. HP: 11/11 MP: 3/3
   264 | D:1      | Reached XP level 2. HP: 17/17 MP: 0/5
   784 | D:2      | Slain by a hound

Illustrated notes

Levels and vault maps discovered:
D:1:      mrwooster_arrival_statue_3, layout_rooms,
          hangedman_abyss_or_decor_stabs, minmay_cupped
D:2:      layout_basic, basic_altar, minmay_box_of_dots, uniq_terence

Action                   || total
-------------------------++-------
Melee: Unarmed           ||    11
       Constrict         ||     3
       Tentacles         ||     2
 Cast: Magic Dart        ||    27
Armor: Skin              ||     1
Dodge: Dodged            ||    11

Table legend: (Time is in decaauts)
 A = Elapsed time spent in this place.
 B = Non-inter-level travel time spent in this place.
 C = Inter-level travel time spent in this place.
 D = Time resting spent in this place.
 E = Time spent auto-exploring this place.
 F = Levels seen in this place.
 G = Mean time per level.
                   A        B        C        D        E       F      G
               +--------+--------+--------+--------+--------+-----+--------+
         Total |    783 |    765 |     18 |     43 |    616 |   2 |  391.5 |
       Dungeon |    783 |    765 |     18 |     43 |    616 |   2 |  391.5 |
               +--------+--------+--------+--------+--------+-----+--------+

Top non-repeatable levels by time:
     D:1: 704 daAuts
     D:2: 79 daAuts
